 Dungeon Crawl Stone Soup version 0.18-a0-917-g8a3da5b (webtiles) character file.

14150 Dirtsage the Spear-Bearer (level 11, -7/89 HPs)
             Began as a Demonspawn Fighter on Dec 26, 2015.
             Was an Elder of Yredelemnul.
             Killed from afar by an electric eel (22 damage)
             ... with a bolt of electricity
             ... on level 2 of the Lair of Beasts.
             The game lasted 00:46:38 (10281 turns).

Dirtsage the Spear-Bearer (Demonspawn Fighter)     Turns: 10281, Time: 00:46:39

Health: -7/89      AC: 19    Str: 19    XL:     11   Next: 84%
Magic:  13/14      EV:  7    Int:  9    God:    Yredelemnul [****..]
Gold:   637        SH: 11    Dex: 14    Spells: 0 memorised, 10 levels left

rFire  + . .     SeeInvis .     s - +2 spear (pierce)
rCold  + + .     Gourm    .     E - +3 plate armour {rF+}
rNeg   . . .     Faith    .     c - +0 shield
rPois  .         Spirit   .     (helmet restricted)
rElec  .         Dismiss  .     r - +0 cloak {MR+}
rCorr  .         Reflect  .     X - +0 pair of gloves
SustAt .         Harm     .     (no boots)
MR     +....                    v - amulet of regeneration {+regen, !d}
Stlth  ..........               Z - ring of protection from cold {rC+, !d}
                                z - ring of protection from cold {rC+, !d}

@: studying Ice Magic, somewhat resistant to hostile enchantments, extremely
unstealthy
A: antennae 2, spiny 2, rot immunity, sturdy frame 1
a: Recall Undead Slaves, Injury Mirror, Animate Dead, Drain Life, Renounce
Religion


You were on level 2 of the Lair of Beasts.
You worshipped Yredelemnul.
Yredelemnul was greatly pleased with you.
You were hungry.

You visited 3 branches of the dungeon, and saw 14 of its levels.

You collected 637 gold pieces.

Inventory:

Hand Weapons
 s - a +2 spear of piercing (weapon)
   (You took it off a gnoll sergeant on level 7 of the Dungeon)
Missiles
 Q - 2 throwing nets {=f, !d}
Armour
 c - a +0 shield (worn)
 r - a +0 cloak of magic resistance (worn)
   (You took it off Crazy Yiuf on level 3 of the Dungeon)
 E - a +3 plate armour of fire resistance (worn)
   (You found it on level 9 of the Dungeon)
 X - a +0 pair of gloves (worn)
   (You found it on level 9 of the Dungeon)
Jewellery
 v - an amulet of regeneration (around neck) {+regen, !d}
   (You found it on level 3 of the Dungeon)
 z - a ring of protection from cold (left hand) {rC+, !d}
   (You found it on level 3 of the Dungeon)
 C - an uncursed amulet of guardian spirit {Spirit}
   (You found it on level 4 of the Dungeon)
 H - an uncursed amulet of dismissal
   (You found it on level 5 of the Dungeon)
 Z - a ring of protection from cold (right hand) {rC+, !d}
   (You found it on level 10 of the Dungeon)
Wands
 a - a wand of paralysis (9/24)
   (You found it on level 1 of the Lair of Beasts)
 A - a wand of cold (3/15)
   (You found it on level 3 of the Dungeon)
 J - a wand of cold (7/15)
   (You found it on level 6 of the Dungeon)
 K - a wand of draining (9/15)
   (You found it on level 10 of the Dungeon)
 M - a wand of cold (8/15)
   (You found it on level 6 of the Dungeon)
 O - a wand of digging (8/24)
   (You took it off Joseph on level 1 of the Lair of Beasts)
 Y - a wand of draining (13/15)
   (You found it on level 9 of the Dungeon)
Scrolls
 b - 2 scrolls of silence {unknown}
 e - 3 scrolls of magic mapping {!r}
 h - 7 scrolls of remove curse
 j - 8 scrolls of teleportation
 m - 3 scrolls of enchant weapon {unknown}
 n - 2 scrolls of enchant armour {unknown}
 o - 2 scrolls of identify
 p - a scroll of random uselessness {unknown}
 q - 2 scrolls of noise {unknown}
 y - 2 scrolls of fog {unknown}
 B - 2 scrolls of amnesia {unknown}
 F - a scroll of fear {unknown}
 I - a scroll of summoning {unknown}
 P - a scroll of torment {unknown}
 W - a scroll of recharging {unknown}
Potions
 d - 3 potions of might
 g - 6 potions of heal wounds {unknown}
 i - a potion of lignification {!q}
 t - 2 potions of brilliance
 u - a potion of haste
 w - 2 potions of curing {unknown}
 x - a potion of agility
 G - a potion of resistance
 S - a potion of magic {unknown}
 V - a potion of beneficial mutation {unknown}
Books
 U - a manual of Ice Magic {!d}
   (You found it on level 1 of the Lair of Beasts)
Miscellaneous
 D - a sack of spiders
   (You found it on level 9 of the Dungeon)
Comestibles
 f - 12 bread rations {@e1}
 k - 8 meat rations {@e2}
 l - 6 fruits
 L - 10 beef jerkies
 N - a royal jelly
 R - 3 chunks of flesh {@w0}
 T - 2 slices of pizza


   Skills:
 + Level 9.5 Fighting
 * Level 10.9 Polearms
 + Level 7.9 Armour
 + Level 3.4 Dodging
 + Level 7.9 Shields
 + Level 4.1 Invocations


You had 10 spell levels left.
You didn't know any spells.

Dungeon Overview and Level Annotations

Branches:
Dungeon (11/15)            Temple (1/1) D:4            Lair (2/8) D:8
    Orc: D:9-12

Altars:
Ashenzari
Cheibriados
Dithmenos
Elyvilon
Fedhas
Gozag
Kikubaaqudgha
Makhleb
Nemelex Xobeh
Okawaru
Pakellas
Qazlal
Ru
Sif Muna
Trog
Vehumet
Xom
Yredelemnul
Zin
The Shining One

Shops:
D:7 %

Annotations:
D:5 Dirtsage's ghost, novice DsGl


Innate Abilities, Weirdness & Mutations

You have a pair of antennae on your head.
You are mostly covered in sharp spines.
You are immune to rotting.
Your movements are slightly less encumbered by armour (ER -2).


Message History

Attack whom?
Aim: a sheep You reach to attack!
You hit the sheep.
Your black mamba zombie bites the sheep.
Attack whom?
Aim: a sheep (severely wounded)
You reach to attack!
You closely miss the sheep.
Your black mamba zombie bites the sheep!
The sheep dies!
Yredelemnul accepts your kill.
The sheep bites your black mamba zombie!
Attack whom?
Aim: a sheep You could not reach far enough!
Your black mamba zombie bites the sheep!
Attack whom?
Aim: a sheep (severely wounded)
You could not reach far enough!
The sheep bites your black mamba zombie!
Your black mamba zombie closely misses the sheep.
Attack whom?
Aim: a sheep (severely wounded)
You could not reach far enough!
The electric eel shoots out a bolt of lightning at you!
The bolt of electricity hits the plant.
The bolt of electricity hits your black mamba zombie.
The bolt of electricity hits you!
Your black mamba zombie bites the sheep!
The sheep dies!
Yredelemnul accepts your kill.
You take 7 damage, and have 82/89 hp.
Your fire drake zombie barely misses the sheep.
A sheep comes into view.
MP restored: 14 You closely miss the sheep.
Your fire drake zombie bites the sheep but does no damage.
The sheep is struck by your spines. The sheep barely misses you.
The electric eel shoots out a bolt of lightning at you!
The bolt of electricity hits your black mamba zombie.
The bolt of electricity hits your river rat zombie.
Your river rat zombie is destroyed!
The bolt of electricity hits you!
You take 1 damage, and have 82/89 hp.
Your shield and plate armour prevent you from hitting the sheep.
Your fire drake zombie bites the sheep.
The sheep is struck by your spines.
You kill the sheep!
Yredelemnul accepts your kill.
You swap places.
The electric eel shoots out a bolt of lightning at you!
The bolt of electricity hits your black mamba zombie.
Your black mamba zombie is destroyed!
The electric eel looks stronger.
The bolt of electricity hits you!
The bolt of electricity hits the plant.
You take 5 damage, and have 78/89 hp.
You call on the dead to rise...
The dead are walking!
You are feeling hungry.
Your fire drake zombie bites the plant.
You now have 12/14 mp.
You swap places.
Your fire drake zombie bites the plant.
The electric eel shoots out a bolt of lightning at you!
The bolt of electricity hits you!
The bolt of electricity hits your fire drake zombie.
Your sheep zombie bites the sheep!
The sheep bites your sheep zombie!
You take 7 damage, and have 73/89 hp.
The electric eel shoots out a bolt of lightning at you!
The bolt of electricity hits you!
The bolt of electricity hits your sheep zombie.
Your sheep zombie bites the sheep.
The sheep bites your sheep zombie!
You take 15 damage, and have 58/89 hp.
The electric eel shoots out a bolt of lightning at you!
The bolt of electricity hits you!
The bolt of electricity hits your fire drake zombie.
Your fire drake zombie is destroyed!
The electric eel looks stronger.
The bolt of electricity hits your sheep zombie.
Your sheep zombie is destroyed!
Your sheep zombie barely misses something.
You take 8 damage, and have 50/89 hp.
You barely miss the electric eel.
The electric eel shoots out a bolt of lightning at you!
The bolt of electricity hits you!
You take 21 damage, and have 29/89 hp.
MASSIVE DAMAGE!!
You hit the electric eel. You closely miss the electric eel.
The electric eel shoots out a bolt of lightning at you!
The bolt of electricity hits you!
You take 1 damage, and have 28/89 hp.
You miss the electric eel. You miss the electric eel.
The electric eel shoots out a bolt of lightning at you!
The bolt of electricity hits you!
* * * LOW HITPOINT WARNING * * *
The bolt of electricity hits your sheep zombie.
You take 15 damage, and have 14/89 hp.
You hit the electric eel.
The electric eel shoots out a bolt of lightning at you!
The bolt of electricity hits you!
You die...
Your body rises from the dead as a mindless zombie.

##≈####..###♣
#♣≈P≈..#....♣
≈≈≈....#..###
≈≈≈........#
≈≈≈.......##
P≈≈≈...P..P###♣♣♣♣♣♣♣♣♣.
≈♣≈≈........).##........
♣P♣#.....ZZY@Z..♣P♣P≈≈≈
♣ ♣###...#♣♣;≈♣♣ ♣ ≈
#..♣♣ ♣♣♣≈P≈≈≈♣ ♣≈ #..≈
≈≈≈≈≈P≈ ≈P #.≈♣≈ P≈≈≈≈≈≈
F≈ #P≈♣≈ ≈≈≈≈≈≈≈ P≈ P≈≈≈
≈ ≈≈≈≈≈≈≈ ;≈ ≈≈≈≈≈≈≈ ≈≈


You could see a sheep, an electric eel, a friendly river rat zombie and 2
friendly sheep zombies.

Vanquished Creatures
  Nergalle (Lair:1)
  2 unseen horrors (D:10)
  Joseph (Lair:1)
  A black mamba (Lair:2)
  4 spiny frogs
  2 fire drakes
  A two-headed ogre (D:8)
  3 blink frogs (Lair:1)
  8 yaks
  4 hippogriffs
  Sigmund (D:2)
  A hungry ghost (D:8)
  16 wolves
  A water moccasin (Lair:2)
  A porcupine (D:8)
  2 orc warriors
  2 phantoms
  3 sky beasts
  2 ice beasts
  4 necrophages
  5 centaurs
  A crocodile (Lair:1)
  3 ogres
  A gnoll sergeant (D:7)
  10 giant frogs
  4 scorpions
  5 killer bees
  2 wights (D:8)
  5 crimson imps
  An electric eel (D:9)
  A giant frog zombie (D:11)
  A jelly (D:7)
  A centaur zombie (D:11)
  9 hounds
  7 orc priests
  A giant frog skeleton (D:10)
  4 iguanas
  Crazy Yiuf (D:3)
  10 orc wizards
  5 worker ants
  Ijyb (D:2)
  2 sheep (Lair:2)
  2 hound skeletons
  A worker ant zombie (D:8)
  11 adders
  14 gnolls
  12 river rats
  5 shadow imps
  3 oozes
  An adder zombie (D:5)
  4 worms
  3 giant geckos
  26 orcs
  9 giant cockroaches
  10 hobgoblins
  15 jackals
  5 quokkas
  7 bats
  A giant gecko skeleton (D:9)
  6 giant newts
  11 goblins
  A jackal skeleton (D:6)
  11 kobolds
  A quokka zombie (D:9)
  12 rats
  A fungus (D:3)
  A plant (D:9)
313 creatures vanquished.

Vanquished Creatures (collateral kills)
  2 yaks (Lair:1)
  A hungry ghost (D:10)
  A basilisk (Lair:2)
  A wolf (Lair:2)
  An orc warrior (D:10)
  A necrophage (D:9)
  A centaur (D:10)
  A crocodile (Lair:1)
  2 giant frogs
  A wight (D:8)
  A crimson imp (D:8)
  An electric eel (Lair:1)
  An orc priest (D:8)
  An iguana (Lair:1)
  4 sheep (Lair:2)
  A hound zombie (D:7)
  3 gnolls (D:9)
  An adder (D:8)
  5 river rats (Lair:1)
  An orc (D:8)
  A bat (D:8)
32 creatures vanquished.

Vanquished Creatures (others)
  A black mamba zombie (Lair:2)
  2 blink frog zombies (Lair:1)
  A fire drake zombie (Lair:2)
  4 yak zombies
  A water moccasin zombie (Lair:2)
  2 wights
  3 giant frog zombies
  4 wolf zombies
  2 wolf skeletons
  2 killer bee zombies (D:10)
  A crocodile zombie (Lair:1)
  2 scorpion zombies
  10 orc zombies
  A sheep zombie (Lair:2)
  An adder zombie (D:8)
  5 gnoll zombies
  6 river rat zombies
  41 fungi (D:8)
  25 plants
114 creatures vanquished.

Grand Total: 459 creatures vanquished

Notes
Turn   | Place    | Note
--------------------------------------------------------------
     0 | D:1      | Dirtsage the Demonspawn Fighter began the quest for the Orb.
     0 | D:1      | Reached XP level 1. HP: 18/18 MP: 1/1
   274 | D:1      | Gained mutation: You are partially covered in sharp spines. [demonic ancestry]
   274 | D:1      | Reached XP level 2. HP: 24/24 MP: 2/2
   360 | D:1      | Reached skill level 2 in Polearms
   669 | D:1      | Gained mutation: You are mostly covered in sharp spines. [demonic ancestry]
   669 | D:1      | Reached XP level 3. HP: 28/30 MP: 3/3
  1058 | D:2      | Found a faded altar to an unknown god.
  1196 | D:2      | Noticed Sigmund
  1211 | D:2      | HP: 7/30 [Sigmund/puff of flame (9)]
  1212 | D:2      | Killed Sigmund
  1212 | D:2      | Reached skill level 4 in Fighting
  1212 | D:2      | Reached skill level 3 in Polearms
  1212 | D:2      | Reached skill level 3 in Armour
  1212 | D:2      | Reached skill level 3 in Shields
  1212 | D:2      | Reached XP level 4. HP: 8/38 MP: 4/4
  1212 | D:2      | Reached XP level 5. HP: 9/43 MP: 5/5
  1424 | D:2      | Found a shimmering altar of Xom.
  1514 | D:2      | Noticed Ijyb
  1523 | D:2      | Killed Ijyb
  1889 | D:3      | Gained mutation: You have a pair of small antennae on your head. [demonic ancestry]
  1889 | D:3      | Reached XP level 6. HP: 49/49 MP: 6/6
  1997 | D:3      | Reached skill level 5 in Fighting
  2398 | D:3      | Noticed Crazy Yiuf
  2405 | D:3      | Killed Crazy Yiuf
  2464 | D:3      | Reached skill level 4 in Polearms
  2635 | D:4      | Found a staircase to the Ecumenical Temple.
  2646 | Temple   | Entered the Ecumenical Temple
  2746 | Temple   | Became a worshipper of Yredelemnul the Dark
  2982 | D:4      | Gained mutation: You are immune to rotting. [demonic ancestry]
  2982 | D:4      | Reached XP level 7. HP: 52/56 MP: 7/7
  3185 | D:4      | Found an ancient bone altar of Kikubaaqudgha.
  3185 | D:4      | Found a deep blue altar of Sif Muna.
  3409 | D:5      | Entered Level 5 of the Dungeon
  3436 | D:5      | Noticed Dirtsage's ghost (novice DsGl)
  3467 | D:5      | HP: 13/56 [Dirtsage's ghost (2)]
  3721 | D:5      | Reached skill level 5 in Polearms
  3895 | D:5      | Reached skill level 4 in Shields
  4359 | D:6      | Reached skill level 4 in Armour
  4393 | D:6      | Reached skill level 6 in Fighting
  4393 | D:6      | Reached XP level 8. HP: 62/64 MP: 8/8
  4436 | D:6      | Reached * piety under Yredelemnul
  4867 | D:7      | Reached skill level 6 in Polearms
  5083 | D:7      | Found Bidaatac's Food Emporium.
  5508 | D:7      | Reached skill level 5 in Shields
  5798 | D:7      | Reached skill level 5 in Armour
  5996 | D:8      | Reached ** piety under Yredelemnul
  6043 | D:8      | Reached skill level 7 in Polearms
  6043 | D:8      | Gained mutation: Your movements are slightly less encumbered by armour (ER -2). [demonic ancestry]
  6043 | D:8      | Reached XP level 9. HP: 50/71 MP: 9/9
  6113 | D:8      | Reached skill level 7 in Fighting
  6230 | D:8      | HP: 11/72 [orc priest/wand of fire (23)]
  6244 | D:8      | HP: 13/72 [orc wizard/magic dart (7)]
  6252 | D:8      | HP: 14/72 [orc wizard/magic dart (3)]
  6260 | D:8      | HP: 15/72 [orc wizard/magic dart (3)]
  6601 | D:8      | Found a staircase to the Lair.
  6618 | D:8      | Reached skill level 8 in Polearms
  6814 | D:8      | Reached skill level 6 in Armour
  7120 | D:9      | Reached skill level 6 in Shields
  7179 | D:9      | Reached XP level 10. HP: 57/80 MP: 10/10
  7499 | D:9      | Found a basalt altar of Yredelemnul.
  7547 | D:9      | Reached skill level 8 in Fighting
  7660 | D:9      | Reached skill level 9 in Polearms
  7682 | D:9      | Reached *** piety under Yredelemnul
  7915 | D:10     | Entered Level 10 of the Dungeon
  8156 | D:10     | Killed an unseen horror
  8360 | D:10     | Reached skill level 7 in Armour
  8437 | D:10     | Reached skill level 7 in Shields
  8458 | D:10     | Killed an unseen horror
  8596 | D:11     | Noticed a cyclops
  8863 | Lair:1   | Entered Level 1 of the Lair of Beasts
  8871 | Lair:1   | Reached skill level 10 in Polearms
  8871 | Lair:1   | Gained mutation: You have a pair of antennae on your head. [demonic ancestry]
  8871 | Lair:1   | Reached XP level 11. HP: 81/87 MP: 11/11
  8910 | D:8      | Reached skill level 1 in Dodging
  8910 | D:8      | Reached skill level 1 in Invocations
  8923 | D:8      | Reached skill level 9 in Fighting
  9002 | Lair:1   | Reached skill level 2 in Invocations
  9021 | Lair:1   | Reached **** piety under Yredelemnul
  9063 | Lair:1   | Received a gift from Yredelemnul
  9243 | Lair:1   | Noticed Nergalle
  9288 | Lair:1   | Noticed a spectral orc warlord
  9306 | Lair:1   | Killed Nergalle
  9306 | Lair:1   | Reached skill level 2 in Dodging
  9393 | Lair:1   | Noticed Joseph
  9417 | Lair:1   | Killed Joseph
  9417 | Lair:1   | Reached skill level 3 in Invocations
  9864 | Lair:2   | Reached skill level 3 in Dodging
 10097 | Lair:2   | Received a gift from Yredelemnul
 10182 | Lair:2   | Reached skill level 4 in Invocations
 10280 | Lair:2   | HP: 14/89 [electric eel/bolt of electricity (15)]
 10281 | Lair:2   | Killed from afar by an electric eel

Vault maps used:
D:1:      matt_arrival_refuge
D:2:      ecumenical_altar_1, minivault_4, minmay_misc_feat_rows,
          xom_teletrap_fun, uniq_iyjb, uniq_sigmund
D:3:      uniq_crazy_yiuf_cottage
D:4:      gammafunk_temple_overflow_wave, minmay_temple_entry_large_hall
D:5:      first_bread
D:7:      serial_shops, shop_statue, grunt_ogre_cave, roderic_lattice_a
D:8:      due_lair_maze_entry_diamond
D:9:      minmay_weird_star, fungi_pond_lemuel, serial_bayou_pond_e,
          yredelemnul_altar_generic
D:11:     minmay_ornate_pinched, orc_0_dummy, lemuel_old_faithful
Temple:   grunt_circular_temple_18
Lair:1:   small_statue_intersection, ldierk_geyser, grunt_megastairs_5,
          infiniplex_staircase_pool, uniq_nergalle, uniq_joseph
Lair:2:   serial_bayou_lake_a, bh_autumn_forest_stairs, grunt_megastairs_3,
          serial_bayou_shore_b

Action                   |  1- 3 |  4- 6 |  7- 9 | 10-12 || total
-------------------------+-------+-------+-------+-------++-------
Melee: Trident           |   126 |   144 |   345 |       ||   615
       Spear             |       |       |   113 |   650 ||   763
Invok: Animate Remains   |       |       |    14 |     2 ||    16
       Animate Dead      |       |       |       |    21 ||    21
       Recall Undead Sla |       |       |       |     1 ||     1
Evoke: Wand              |       |       |       |     1 ||     1
  Use: Scroll            |       |     1 |     9 |       ||    10
       Potion            |       |       |       |     1 ||     1
 Stab: Distracted        |       |       |     3 |     6 ||     9
  Eat: Chunk             |     1 |     6 |    15 |    12 ||    34

Vault maps used:
D:1:      matt_arrival_refuge
D:2:      ecumenical_altar_1, minivault_4, minmay_misc_feat_rows,
          xom_teletrap_fun, uniq_iyjb, uniq_sigmund
D:3:      uniq_crazy_yiuf_cottage
D:4:      gammafunk_temple_overflow_wave, minmay_temple_entry_large_hall
D:5:      first_bread
D:7:      serial_shops, shop_statue, grunt_ogre_cave, roderic_lattice_a
D:8:      due_lair_maze_entry_diamond
D:9:      minmay_weird_star, fungi_pond_lemuel, serial_bayou_pond_e,
          yredelemnul_altar_generic
D:11:     minmay_ornate_pinched, orc_0_dummy, lemuel_old_faithful
Temple:   grunt_circular_temple_18
Lair:1:   small_statue_intersection, ldierk_geyser, grunt_megastairs_5,
          infiniplex_staircase_pool, uniq_nergalle, uniq_joseph
Lair:2:   serial_bayou_lake_a, bh_autumn_forest_stairs, grunt_megastairs_3,
          serial_bayou_shore_b

Table legend:
 A = Turns spent in this place as a percentage of turns spent in the entire game.
 B = Non-inter-level travel turns spent in this place as a percentage of non-inter-level travel turns spent in the entire game.
 C = Inter-level travel turns spent in this place as a percentage of turns spent in this place.
 D = Turns resting spent in this place as a percentage of non-inter-level travel turns spent in this place.
 E = Turns spent auto-exploring this place as a percentage of non-inter-level travel turns spent in this place.
 F = Non-inter-level travel turns spent in this place divided by the number of levels of this place that you've seen.
                   A       B       C       D       E      F
               +-------+-------+-------+-------+-------+----------------------
         Total | 100.0 | 100.0 |   0.8 |   0.9 |  10.6 | 234.1
       Dungeon |  81.1 |  81.0 |   0.9 |   0.9 |  11.1 | 241.4
        Temple |   1.4 |   1.4 |   2.1 |   0.0 |  34.8 |  46.0
          Lair |  17.5 |  17.6 |   0.2 |   0.9 |   6.2 | 288.0
               +-------+-------+-------+-------+-------+----------------------

Table legend:
 A = Kills in this place as a percentage of kills in entire the game.
 B = Kills by you in this place as a percentage of kills by you in the entire game.
 C = Kills by friends in this place as a percentage of kills by friends in the entire game.
 D = Other kills in this place as a percentage of other kills in the entire game.
 E = Experience gained in this place as a percentage of experience gained in the entire game.
 F = Experience gained in this place divided by the number of levels of this place that you have seen.
                   A       B       C       D       E      F
               +-------+-------+-------+-------+-------+----------------------
         Total | 100.0 | 100.0 | 100.0 |  -nan | 100.0 | 1443.9
       Dungeon |  81.0 |  84.9 |  43.8 |  -nan |  57.4 | 1054.4
          Lair |  19.0 |  15.1 |  56.2 |  -nan |  42.6 | 4308.5
               +-------+-------+-------+-------+-------+----------------------
